 Dungeon Crawl Stone Soup version 0.23-a0-378-gd7a6ca6 (webtiles) character file.

137 MisterFreud the Sneak (level 5, -6/42 HPs)
             Began as a Naga Fire Elementalist on Oct 27, 2018.
             Mangled by an iguana (11 damage)
             ... on level 4 of the Dungeon.
             The game lasted 00:09:07 (2828 turns).

MisterFreud the Sneak (Naga Fire Elementalist)      Turns: 2828, Time: 00:09:09

Health: -6/42      AC:  4    Str:  8 (10) XL:     5   Next: 20%
Magic:  7/8        EV: 10    Int: 16 (17) God:
Gold:   259        SH:  0    Dex: 11      Spells: 0/8 levels left

rFire    . . .     SeeInvis +   t - +2 rapier (drain)
rCold    . . .     Gourm    .   (no shield)
rNeg     . . .     Faith    .   a - +0 robe
rPois    +         Spirit   .   d - +1 helmet
rElec    .         Reflect  .   (no cloak)
rCorr    .         Harm     .   (no gloves)
MR       .....                  (no barding)
Stlth    +++.......             (no amulet)
HPRegen  0.14/turn              (no ring)
MPRegen  0.11/turn              (no ring)

@: lethally poisoned (-6 -> -26), short of breath, very slow
A: large, see invisible, deformed body, poison resistance, slowness 2, slow
metabolism 1, spit poison 1, AC +1
a: Spit Poison


You were on level 4 of the Dungeon.
You were not hungry.

You visited 1 branch of the dungeon, and saw 4 of its levels.

You collected 259 gold pieces.

Inventory:

Hand Weapons
 e - a +0 hunting sling
 f - a +0 dagger
 t - a +2 rapier of draining (weapon)
Missiles
 b - 9 poisoned needles
 g - 54 arrows
 h - 27 stones (quivered)
 j - 2 throwing nets
 l - 60 sling bullets
Armour
 a - a +0 robe (worn)
 d - a +1 helmet (worn)
Scrolls
 s - a scroll of magic mapping
Potions
 i - a potion of degeneration
 k - a potion of curing
 m - 2 potions of mutation
 n - 2 potions of agility
 o - a potion of cancellation {unknown}
 p - a potion of flight {unknown}
 r - a potion of resistance {unknown}
 u - a potion of lignification {unknown}
Comestibles
 c - 10 rations
 q - 2 chunks of flesh


   Skills:
 - Level 1.5 Dodging
 - Level 6.6 Stealth
 - Level 2.0 Spellcasting
 + Level 3.0 Conjurations
 + Level 3.0 Fire Magic


You couldn't memorise any spells.
You knew the following spells:

 Your Spells              Type           Power        Failure   Level  Hunger
a - Flame Tongue          Conj/Fire      ##...        6%          1    #......
b - Conjure Flame         Conj/Fire      ##......     19%         3    ###....
c - Sticky Flame          Conj/Fire      ##......     52%         4    #####..

Your spell library contained the following spells:

 Spells                   Type           Power        Failure   Level  Hunger
 Throw Flame              Conj/Fire      ##....       9%          2    ###....
 Inner Flame              Hex/Fire       #.......     32%         3    ###....
 Fireball                 Conj/Fire      ##........   86%         5    ######.


Dungeon Overview and Level Annotations

Branches:
Dungeon (4/15)
 Temple: D:4-7

Altars:
Elyvilon
Fedhas
Uskayaw
Yredelemnul

Annotations:
D:3 2 runed doors, Gorice's ghost, amateur GnWn


Innate Abilities, Weirdness & Mutations

You cannot wear boots.
Your serpentine skin is tough. (AC +1)
You have supernaturally acute eyesight. (SInv)
Armour fits poorly on your strangely shaped body.
Your system is resistant to poisons. (rPois)
You cover ground very slowly.
You have a slow metabolism.
You can spit poison.


Message History

The flame tongue hits the worker ant.
The worker ant is heavily wounded.
The iguana hisses angrily.
You feel sick. The worker ant closely misses you. The iguana bites you.
You feel sick. The worker ant bites you.
You are more poisoned.
The worker ant poisons you!
An orc priest comes into view. It is wielding a +0 war axe.
The worker ant bites you. The iguana bites you!
* * * LOW HITPOINT WARNING * * *
* * * LOW HITPOINT WARNING * * *
You feel sick. The orc wizard casts a spell at you. The magic dart hits you!
* * * LOW HITPOINT WARNING * * *
The worker ant bites you.
* * * LOW HITPOINT WARNING * * *
You are more poisoned.
The worker ant poisons you! The iguana bites you!
You die...

###...# #..# .# #.#)#
#..l..# ##.# #.####
..#.#
#....#..####.##......
..#.#
#.......#..o......#
.##
...............####
..o........###.####
..o.........##o<..####
....oo.la......#
.......@l......#
.................
......########...
...... .. ..... .
....# .###


You could see 2 iguanas, a worker ant, an orc priest, an orc wizard and an orc.

Vanquished Creatures
  A hound (D:4)
  3 adders
  An ooze (D:3)
  A worm (D:3)
  A leopard gecko (D:1)
  4 orcs
  6 bats
  A giant cockroach (D:3)
  10 goblins
  12 hobgoblins
  3 jackals (D:4)
  A ball python (D:4)
  4 frilled lizards
  A giant cockroach zombie (D:2)
  6 kobolds
  8 rats
63 creatures vanquished.

Notes
Turn   | Place    | Note
-------+----------+-------------------------------------------
     0 | D:1      | MisterFreud the Naga Fire Elementalist began the quest for
                  | the Orb.
     0 | D:1      | Reached XP level 1. HP: 15/15 MP: 3/3
   219 | D:1      | Reached XP level 2. HP: 22/22 MP: 5/5
   845 | D:2      | Noticed a hand axe
   845 | D:2      | Noticed a dagger
   867 | D:2      | Reached XP level 3. HP: 28/28 MP: 4/6
   881 | D:2      | Learned a level 3 spell: Conjure Flame
  1209 | D:2      | Found a hide-covered altar of Uskayaw.
  1271 | D:2      | Reached skill level 4 in Stealth
  1283 | D:2      | Found a basalt altar of Yredelemnul.
  1369 | D:3      | Found a runed door.
  1369 | D:3      | Noticed Gorice's ghost (amateur GnWn)
  1544 | D:3      | Reached XP level 4. HP: 36/36 MP: 7/7
  1574 | D:3      | Reached skill level 5 in Stealth
  1718 | D:3      | Found a blossoming altar of Fedhas.
  1929 | D:3      | Found a runed door.
  2658 | D:4      | Reached skill level 6 in Stealth
  2658 | D:4      | Reached XP level 5. HP: 22/42 MP: 5/8
  2670 | D:4      | Learned a level 4 spell: Sticky Flame
  2679 | D:4      | Found a white marble altar of Elyvilon.
  2828 | D:4      | Mangled by an iguana

Vault maps used:
D:1:      tarquinn_simple_flora_water_b, minivault_25, minmay_cupped
D:2:      dancing_weapons_uskayaw, marbit_many_paths, first_ration
D:3:      minmay_wonky_spiral, ebering_ghost_sewer_f,
          chequers_serial_rivers_room_b, chequers_serial_rivers_micro_e,
          fedhas_altar_3
D:4:      elyvilon_altar_5

Skill      XL: |  1  2  3  4 |
---------------+-------------+-----
Conjurations   | 2 3 |  3.0
Stealth        | 4 6 |  6.6
Dodging        | |  1.5
Spellcasting   | |  2.0
Fire Magic     | |  3.0

Action                   |  1- 3 |  4- 6 || total
-------------------------+-------+-------++-------
Melee: Dagger            |     7 |     2 ||     9
       Rapier            |       |    12 ||    12
 Cast: Flame Tongue      |    28 |    16 ||    44
 Abil: Spit Poison       |    34 |    14 ||    48
  Use: Scroll            |     6 |     2 ||     8
       Potion            |       |     2 ||     2
 Stab: Sleeping          |     1 |     3 ||     4
  Eat: Chunk             |     4 |     4 ||     8
Armor: Robe              |     8 |     5 ||    13
Dodge: Dodged            |    16 |    14 ||    30

Table legend:
 A = Non-vault XP
 B = Vault XP
 C = Vault XP percentage of total XP
 D = Non-vault monster count
 E = Vault monster count
 F = Vault count percentage of total count
                 A         B        C        D         E       F
            +---------+---------+-------+---------+---------+-------
      Total |     183 |      13 |   6.6 |      56 |       7 |  11.1
            +---------+---------+-------+---------+---------+-------
        D:1 |      22 |       5 |  18.5 |      13 |       3 |  18.8
        D:2 |      37 |       2 |   5.1 |      17 |       1 |   5.6
        D:3 |      49 |       6 |  10.9 |      16 |       3 |  15.8
        D:4 |      75 |       0 |   0.0 |      10 |       0 |   0.0
            +---------+---------+-------+---------+---------+-------
